 Dungeon Crawl Stone Soup version 0.30.2 (webtiles) character file.

Game seed: 5728587712375424847

130 porpoise the Shooter (level 5, 0/42 HPs)
             Began as a Barachi Hunter on Jan 30, 2024.
             Succumbed to Crazy Yiuf's poison
             ... on level 2 of the Dungeon.
             The game lasted 00:04:09 (1612 turns).

porpoise the Shooter (Barachi Hunter)               Turns: 1612, Time: 00:04:10

Health: 0/42       AC:  6    Str:  9 (12) XL:     5   Next: 13%
Magic:  5/5        EV: 12    Int:  9 (10) God:
Gold:   65         SH:  0    Dex: 15 (17) Spells: 4/4 levels left

rFire   . . .        a - +0 shortbow
rCold   . . .        (shield currently unavailable)
rNeg    . . .        c - +0 leather armour
rPois   .            h - +1 helmet
rElec   .            g - +0 cloak
rCorr   .            (no gloves)
SInv    .            (no boots)
Will    .....        (no amulet)
Stlth   +            (no ring)
HPRegen 0.27/turn    (no ring)
MPRegen 0.09/turn

%: no passive effects
@: lethally poisoned (0 -> -3), flying, slow
A: amphibious, slowness 1, strong legs 1, +LOS, talons 1
a: Hop


You were on level 2 of the Dungeon.
You visited 1 branch of the dungeon, and saw 2 of its levels.

You collected 65 gold pieces.

Inventory:

Hand Weapons
 a - a +0 shortbow (weapon)
 l - a +1 short sword of speed
Armour
 c - a +0 leather armour (worn)
 g - a +0 cloak (worn)
 h - a +1 helmet (worn)
Scrolls
 b - a scroll of immolation
 f - a scroll of identify {unknown}
 i - a scroll of poison {unknown}
 k - a scroll of acquirement {unknown}
 p - a scroll of enchant weapon {unknown}
Potions
 e - a potion of flight
 m - a potion of lignification {unknown}
 n - a potion of heal wounds {unknown}
 o - a potion of berserk rage {unknown}
 q - a potion of degeneration


   Skills:
 + Level 4.0 Fighting
 * Level 5.6 Ranged Weapons
 - Level 2.1 Dodging
 - Level 0.8 Stealth


You had 4 spell levels left.
You didn't know any spells.
Your spell library contained the following spells:

 Spells                   Type           Power      Damage    Failure   Level
 Lesser Beckoning         Tloc           0%         N/A       65%         2
 Gell's Gravitas          Tloc           0%         N/A       86%         3
 Teleport Other           Tloc           0%         N/A       86%         3
 Animate Dead             Necr           0%         N/A       99%         4
 Haunt                    Necr/Summ      0%         N/A       100%        7
 Infestation              Necr           0%         N/A       100%        8


Dungeon Overview and Level Annotations

Branches:
Dungeon (2/15)

Altars:

Shops:
D:2 =


Innate Abilities, Weirdness & Mutations

You are amphibious.
You cover ground slowly.
You can hop short distances.
You have an extended range of vision and can be seen from far away.
You have sharp toenails.


Message History

You shoot an arrow. The arrow hits Crazy Yiuf.
Crazy Yiuf is lightly wounded.
Crazy Yiuf barely misses you.
You shoot an arrow. The arrow hits Crazy Yiuf.
Crazy Yiuf is lightly wounded.
Crazy Yiuf barely misses you.
You shoot an arrow. The arrow hits Crazy Yiuf!
Crazy Yiuf is severely wounded.
Crazy Yiuf misses you. x2
You shoot an arrow. The arrow hits Crazy Yiuf.
Crazy Yiuf is almost dead.
Crazy Yiuf hits you with a +3 quarterstaff of chaos.
* * * LOW HITPOINT WARNING * * *
You are lethally poisoned!
You shoot an arrow. The arrow hits Crazy Yiuf!
You kill Crazy Yiuf!
* * * LOW HITPOINT WARNING * * *
You feel very sick.
Your Fighting skill increases to level 4!
You have reached level 5!
There is a lethal amount of poison in your body!
There is a lethal amount of poison in your body!
* * * LOW HITPOINT WARNING * * *
You feel sick.
It was a potion of flight.
You feel very buoyant.
You fly up into the air.
* * * LOW HITPOINT WARNING * * *
You feel sick.
It was a potion of mutation.
You feel extremely strange.
Your toenails lengthen and sharpen.
* * * LOW HITPOINT WARNING * * *
You feel sick.
It was a potion of magic.
Magic courses through your body.
* * * LOW HITPOINT WARNING * * *
You feel sick.
It was a potion of degeneration.
There was something very wrong with that liquid.
You feel weakened.
You feel dopey.
You feel clumsy.
You die...

#........'..#.#
#........##.#.#
#........##.#.#
#######..##.#.#
#'###.#.# #.###.#.#
### ♣♣##..##.#.#
#)..#♣♣ ♣♣..#..##.#.#
#...)@♣♣♣♣.P....##.#.#
#...#♣..♣.PP...###.#.#
### ♣♣♣.♣.P.#.# #.#.#
♣♣♣♣♣##.# #.#.# #.#
#...# #.#######
#........ #########


There were no monsters in sight!

Vanquished Creatures
  Crazy Yiuf (D:2)
  Jessica (D:2)
  An adder (D:2)
  2 dart slugs
  4 ball pythons
  3 bats
  7 endoplasms
  4 giant cockroaches (D:2)
  5 goblins
  6 hobgoblins
  9 jackals
  2 kobolds
  3 quokkas
  5 rats
  A spectral hobgoblin (D:1)
54 creatures vanquished.

Notes
Turn   | Place    | Note
-------+----------+-------------------------------------------
     0 | D:1      | porpoise the Barachi Hunter began the quest for the Orb.
     0 | D:1      | Reached XP level 1. HP: 17/17 MP: 1/1
   193 | D:1      | Reached XP level 2. HP: 23/23 MP: 2/2
   229 | D:1      | Found a faded altar of an unknown god.
   404 | D:1      | Reached XP level 3. HP: 29/29 MP: 3/3
   959 | D:2      | Found a transporter.
   961 | D:2      | Found Lod Vefe's Jewellery Boutique.
   966 | D:2      | Found a transporter.
   966 | D:2      | Noticed Jessica
  1006 | D:2      | Killed Jessica
  1007 | D:2      | Reached skill level 5 in Ranged Weapons
  1007 | D:2      | Reached XP level 4. HP: 35/35 MP: 4/4
  1596 | D:2      | Found a runed translucent door.
  1597 | D:2      | Noticed Crazy Yiuf
  1607 | D:2      | Killed Crazy Yiuf
  1608 | D:2      | Reached XP level 5. HP: 6/42 MP: 5/5
  1610 | D:2      | Gained mutation: You have sharp toenails. [potion of
                  | mutation]
  1610 | D:2      | HP: 2/42 [poisoned by Crazy Yiuf]
  1612 | D:2      | Succumbed to Crazy Yiuf's poison

Illustrated notes

Levels and vault maps discovered:
D:1:      scummos_arrival_simple_crosswalls, layout_basic,
          dreamdust_ecumenical_altar_drowned_temple, dreamdust_mushroom_princess
D:2:      minmay_inner_zag, layout_basic, serial_shops, nicolae_shop_drivethru,
          uniq_jessica, uniq_crazy_yiuf_cottage

Skill      XL: |  1  2  3  4 |
---------------+-------------+-----
Fighting       | 3 4 |  4.0
Ranged Weapons | 5 |  5.6
Dodging        | |  2.1
Stealth        | |  0.8

Action                     |  1- 3 |  4- 6 || total
---------------------------+-------+-------++-------
   Fire: Shortbow          |    95 |    70 ||   165
    Use: Potion            |       |     4 ||     4
 Armour: Leather armour    |    10 |    22 ||    32
  Dodge: Dodged            |    18 |    30 ||    48
